 Dungeon Crawl Stone Soup version 0.30.0-10-gfe55d96785 (webtiles) character file.

Game seed: 871386875369046928

10538 MacCMillion the Grappler (level 11, -1/107 HPs)
             Began as a Troll Fighter on May 14, 2023.
             Was a High Priest of Okawaru.
             Slain by a troll (10 damage)
             ... led by an orc knight
             ... on level 10 of the Dungeon.
             The game lasted 00:18:32 (12253 turns).

MacCMillion the Grappler (Troll Fighter)           Turns: 12253, Time: 00:18:32

Health: -1/107     AC: 11    Str: 30    XL:     11   Next: 37%
Magic:  16/16      EV: 10    Int:  4    God:    Okawaru [*****.]
Gold:   628        SH:  8    Dex:  9    Spells: 10/10 levels left

rFire   . .          .
                       - Unarmed
rCold   . . .        b - +0 kite shield
rNeg    . . .        d - +0 steam dragon scales
rPois   .            (helmet restricted)
rElec   .            (no cloak)
rCorr   .            (gloves unavailable)
SInv    .            (boots unavailable)
Will    .....        (no amulet)
Stlth   +            o - +4 ring of protection
HPRegen 1.17/turn    (no ring)
MPRegen 0.15/turn

%: no passive effects
@: about to teleport
A: large, unfitting armour, claws 3, regeneration 1, shaggy fur 1, tough skin 1
a: Renounce Religion, Heroism, Finesse, Duel


You were on level 10 of the Dungeon.
You worshipped Okawaru.
Okawaru was extremely pleased with you.
You visited 2 branches of the dungeon, and saw 12 of its levels.

You collected 628 gold pieces.

Inventory:

Missiles
 B - a throwing net
 I - 15 poisoned darts (quivered)
 J - a curare-tipped dart
 K - 11 boomerangs
 L - 2 large rocks
 M - a silver boomerang
Armour
 b - a +0 kite shield (worn)
 d - +0 steam dragon scales (worn)
 t - the +2 robe of Elyvilon's Outrage {Will++ Str+3}
   (You found it on level 5 of the Dungeon)

   Str:       It affects your strength (+3).
   Will:      It greatly increases your willpower.
Jewellery
 a - an amulet of the acrobat
 o - a +4 ring of protection (left claw)
 q - an amulet of faith
 x - a ring of willpower
 A - a ring of willpower
Scrolls
 e - 2 scrolls of teleportation
 f - 3 scrolls of magic mapping
 g - a scroll of butterflies
 k - a scroll of poison
 m - 3 scrolls of blinking
 p - 2 scrolls of vulnerability
 s - a scroll of fog
 v - 2 scrolls of noise
 y - 2 scrolls of identify
 D - a scroll of immolation {unknown}
 F - a scroll of torment {unknown}
 G - a scroll of enchant weapon {unknown}
Potions
 c - 2 potions of might
 h - 2 potions of curing
 i - 3 potions of lignification
 j - 5 potions of brilliance
 l - a potion of attraction
 n - a potion of degeneration
 r - 2 potions of flight
 u - a potion of heal wounds
 w - a potion of berserk rage
 z - a potion of mutation {unknown}
 C - a potion of cancellation {unknown}
 E - 4 potions of ambrosia
 H - a potion of invisibility {unknown}
 N - 2 potions of haste {unknown}


   Skills:
 - Level 6.8 Fighting
 + Level 4.2 Throwing
 - Level 5.8 Dodging
 - Level 4.6 Shields
 - Level 10.9 Unarmed Combat
 - Level 8.0 Invocations


You had 10 spell levels left.
You didn't know any spells.
Your spell library contained the following spells:

 Spells                   Type           Power      Damage    Failure   Level
 Freeze                   Ice            0%         1d3       71%         1
 Blink                    Tloc           0%         N/A       83%         2
 Frozen Ramparts          Ice            0%         1d1       97%         3
 Hailstorm                Conj/Ice       0%         3d3       97%         3
 Vhi's Electric Charge    Tloc/Air       0%         N/A       97%         3
 Manifold Assault         Tloc           0%         N/A       100%        4
 Arcjolt                  Conj/Air       0%         1d10      100%        5
 Dispersal                Tloc           0%         N/A       100%        6
 Storm Form               Tmut/Air       0%         N/A       100%        7
 Disjunction              Tloc           0%         N/A       100%        8
 Maxwell's Capacitive Co  Air            0%         ∞         100%        8


Dungeon Overview and Level Annotations

Branches:
Dungeon (11/15)            Temple (1/1) D:4            Lair (0/5) D:11
    Orc: D:9-12

Altars:
Ashenzari
Cheibriados
Dithmenos
Elyvilon
Fedhas
Gozag
Hepliaklqana
Kikubaaqudgha
Makhleb
Nemelex Xobeh
Okawaru
Qazlal
Ru
Sif Muna
Trog
Uskayaw
Vehumet
Wu Jian
Xom
Yredelemnul
Zin
The Shining One

Shops:
D:3 (   D:7 (=   D:10 [

Annotations:
D:2 1 runed translucent door, Crazy Yiuf
D:7 3 exclusions


Innate Abilities, Weirdness & Mutations

You are too large for most types of armour.
You have claws for hands.
Your natural rate of healing is unusually fast.
You are covered in fur. (AC +1)
You have tough skin. (AC +1)


Message History

The sixfirhy hits you but does no damage.
The sixfirhy closely misses you. The sixfirhy hits you!
The sixfirhy shocks you!
You scratch the sixfirhy.
The sixfirhy is moderately wounded.
The sixfirhy hits you. The sixfirhy shocks you!
The sixfirhy hits you but does no damage.
The sixfirhy closely misses you. The troll bites you. The troll claws you. x2
You block the sixfirhy's attack.
You miss the sixfirhy.
The sixfirhy is moderately wounded.
You block the troll's attack. The troll claws you.
The troll completely misses you.
You miss the sixfirhy.
The sixfirhy is lightly wounded.
You block the troll's attack. The troll claws you.
The troll claws you but does no damage.
You mangle the sixfirhy!!
The sixfirhy is severely wounded.
The troll bites you but does no damage. You block the troll's attack.
The troll claws you but does no damage. You block the sixfirhy's attack.
You miss the sixfirhy.
The sixfirhy is severely wounded.
The sixfirhy hits you! The sixfirhy shocks you!
* * * LOW HITPOINT WARNING * * *
The sixfirhy closely misses you. The sixfirhy barely misses you.
The troll closely misses you. The troll barely misses you. The troll claws you.
* * * LOW HITPOINT WARNING * * *
You mangle the sixfirhy!!
You kill the sixfirhy!
Okawaru is honoured by your kill. The troll closely misses you.
The troll claws you!
* * * LOW HITPOINT WARNING * * *
The troll closely misses you.
Your Throwing skill increases to level 4!
As you read the scroll of teleportation, it crumbles to dust.
You feel strangely unstable. You block the troll's attack. The troll claws you!
* * * LOW HITPOINT WARNING * * *
The troll claws you!
You die...

#.....#......#......).#..
#.....#......#........#..
#.....########.##'##..#..
##.............#...'..#..
#.##########..#...#..#..
#.'........#..#..[#..##.
#.#........#..#####..##.
#.#...)....#............
#.#....@...'.......P.PPP
#.#.<.T....#.......P.P.P
#.##########......#PP_PP
#...................PPPP
#.|..................PP.
######.......................
#..........##########.....#..
####.......#........#........
#.......#........#........


You could see a troll.

Vanquished Creatures
  Erica (D:10)
  A two-headed ogre (D:10)
  A sixfirhy (D:10)
  Pikel (D:5)
  A manticore (D:10)
  A cyclops (D:10)
  Maggie (D:7)
  A troll (D:10)
  A queen bee (D:9)
  Sigmund (D:5)
  A shadow (D:10)
  A wraith (D:10)
  2 wyverns
  6 yaks (D:10)
  4 vampire mosquitoes (D:10)
  Edmund (D:5)
  An acid dragon (D:8)
  2 water moccasins
  4 sky beasts
  An orc warrior (D:7)
  A black bear (D:4)
  2 ice beasts (D:7)
  5 centaurs
  2 ogres
  4 lemures
  3 kobold brigands
  6 bullfrogs
  A scorpion (D:6)
  3 wights (D:8)
  30 killer bees
  6 howler monkeys
  A jelly (D:7)
  3 hounds (D:5)
  3 orc priests
  A sleepcap (D:6)
  A gnoll bouda (D:9)
  3 iguanas
  6 orc wizards
  11 gnolls
  9 adders
  A shadow imp (D:5)
  A white imp (D:6)
  An ufetubus (D:7)
  5 worms
  2 dart slugs
  23 orcs
  5 bats
  7 endoplasms
  3 giant cockroaches
  7 goblins
  7 hobgoblins
  21 kobolds
  2 quokkas (D:4)
  7 ball pythons
  3 frilled lizards
  21 rats
250 creatures vanquished.

Vanquished Creatures (others)
  A gnoll (D:7)
1 creature vanquished.

Grand Total: 251 creatures vanquished

Notes
Turn   | Place    | Note
-------+----------+-------------------------------------------
     0 | D:1      | MacCMillion the Troll Fighter began the quest for the Orb.
     0 | D:1      | Reached XP level 1. HP: 22/22 MP: 0/0
    51 | D:1      | Reached XP level 2. HP: 29/29 MP: 1/1
   671 | D:2      | Reached skill level 3 in Unarmed Combat
   671 | D:2      | Reached XP level 3. HP: 30/36 MP: 2/2
  1031 | D:2      | Found a faded altar of an unknown god.
  1084 | D:2      | Found a runed translucent door.
  1085 | D:2      | Noticed Crazy Yiuf
  1695 | D:3      | Found a radiant altar of Vehumet.
  1730 | D:3      | Reached XP level 4. HP: 44/44 MP: 3/3
  1754 | D:3      | Found Cuseq's Weapon Shoppe.
  2349 | D:4      | Reached XP level 5. HP: 53/53 MP: 4/4
  2422 | D:4      | Reached skill level 4 in Unarmed Combat
  2553 | D:4      | Noticed a sky beast
  2794 | D:4      | Noticed a black bear
  2807 | D:4      | Killed a black bear
  2808 | D:4      | Reached XP level 6. HP: 55/61 MP: 5/5
  2835 | D:4      | Found a shimmering blue altar of Sif Muna.
  2957 | D:4      | Found a staircase to the Ecumenical Temple.
  2973 | Temple   | Entered the Ecumenical Temple
  3043 | Temple   | Became a worshipper of Warmaster Okawaru
  3085 | D:4      | Killed a sky beast
  3086 | D:4      | Reached skill level 5 in Unarmed Combat
  3115 | D:5      | Entered Level 5 of the Dungeon
  3268 | D:5      | Identified the +2 robe of Elyvilon's Outrage {Will++ Str+3}
  3341 | D:5      | Reached XP level 7. HP: 68/68 MP: 6/6
  3421 | D:5      | Noticed Edmund
  3440 | D:5      | Killed Edmund
  3440 | D:5      | Reached * piety under Okawaru
  3601 | D:5      | Reached skill level 6 in Unarmed Combat
  3675 | D:5      | Found a stormy altar of Qazlal.
  3677 | D:5      | Noticed a fire elemental
  3678 | D:5      | Noticed an air elemental
  3678 | D:5      | Noticed a water elemental
  3681 | D:5      | Noticed Pikel
  4288 | D:5      | Noticed Sigmund
  4299 | D:5      | Killed Sigmund
  4389 | D:5      | Killed Pikel
  4390 | D:5      | Reached skill level 7 in Unarmed Combat
  4390 | D:5      | Reached XP level 8. HP: 72/79 MP: 9/9
  4838 | D:6      | Reached ** piety under Okawaru
  4922 | D:6      | Found a snail-covered altar of Cheibriados.
  5177 | D:6      | Reached skill level 5 in Fighting
  5592 | D:7      | Reached skill level 8 in Unarmed Combat
  5608 | D:7      | Reached XP level 9. HP: 66/88 MP: 8/10
  5744 | D:7      | Found Geeva's Jewellery Shoppe.
  5901 | D:7      | Found Xeawal Lumo's Hydra Hut.
  5901 | D:7      | Noticed a seven-headed hydra
  6102 | D:7      | Reached *** piety under Okawaru
  6507 | D:7      | Noticed Maggie
  6519 | D:7      | Killed Maggie
  6520 | D:7      | Reached skill level 9 in Unarmed Combat
  7085 | D:8      | Reached skill level 5 in Dodging
  7644 | D:8      | Reached skill level 10 in Unarmed Combat
  8289 | D:8      | Reached XP level 10. HP: 40/100 MP: 11/11
  8496 | D:9      | Reached **** piety under Okawaru
  9470 | D:9      | Found a sparkling altar of Nemelex Xobeh.
  9502 | D:9      | Found a shadowy altar of Dithmenos.
 10309 | D:10     | Entered Level 10 of the Dungeon
 10344 | D:10     | Noticed a cyclops
 10347 | D:10     | Killed a cyclops
 10347 | D:10     | Received a gift from Okawaru
 10348 | D:10     | Reached skill level 5 in Invocations
 10406 | D:10     | Found a blossoming altar of Fedhas.
 10647 | D:10     | Noticed a manticore
 10653 | D:10     | Killed a manticore
 10653 | D:10     | Reached ***** piety under Okawaru
 10654 | D:10     | Reached XP level 11. HP: 80/107 MP: 15/15
 10778 | D:10     | Noticed a two-headed ogre
 10797 | D:9      | Found a white marble altar of Elyvilon.
 11377 | D:10     | Noticed Erica
 11385 | D:10     | Killed Erica
 11407 | D:10     | Killed a two-headed ogre
 11408 | D:10     | Reached skill level 1 in Throwing
 11541 | D:10     | Found Cunetov's Armour Emporium.
 11725 | D:11     | Noticed an orc knight
 11725 | D:11     | Found a staircase to the Lair.
 12103 | D:11     | Noticed a sixfirhy
 12252 | D:10     | Killed a sixfirhy
 12253 | D:10     | Slain by a troll

Illustrated notes

Levels and vault maps discovered:
D:1:      giann_horns, layout_basic
D:2:      layout_basic, shapermc_ecumenical_altar_notcrosses, hex_tiny,
          uniq_crazy_yiuf_cottage
D:3:      layout_loops_cross, nicolae_vehumet_altar_sigil, serial_shops,
          nicolae_shop_bloodbath_and_beyond
D:4:      layout_rooms, mainiacjoe_overflow_alcove_2,
          minmay_temple_entry_proselytizer, minmay_rat_hole
D:5:      layout_cave_pods, nicolae_qazlal_style_of_elements, uniq_edmund,
          uniq_pikel, uniq_sigmund
D:6:      layout_layer_cave, kennysheep_mini_moat
D:7:      layout_basic, serial_shops, shop, chequers_decorated_corner,
          minivault_14, chequers_mini_garden, nicolae_sextant,
          doesnt_shop_hydraphobe, uniq_maggie
D:8:      layout_loops_ring
D:9:      layout_basic, nemelex_spade_bored_becter,
          nicolae_overflow_hidden_temple, serial_curves, eino_curves_01,
          eino_curves_04, special_room [special_room_bee],
          nicolae_figureground_pulse
D:10:     layout_irregular_city, fedhas_bush_and_centaur_altar, serial_shops,
          shop, uniq_erica
D:11:     layout_rooms, lair_entry_dummy, orc_0_dummy, serial_demonic,
          serial_demonic_b, serial_demonic_b, serial_demonic_e, serial_demonic_d
Temple:   eino_temple_lava

Skill      XL: |  1  2  3  4  5  6  7  8  9 10 11 |
---------------+----------------------------------+-----
Shields        | 3 4 |  4.6
Unarmed Combat | 3 4 5 7 8 10 | 10.9
Fighting       | 3 4 5 6 |  6.8
Invocations    | 3 7 8 |  8.0
Dodging        | 3 5 |  5.8
Throwing       | 4 |  4.2

Action                     |  1- 3 |  4- 6 |  7- 9 | 10-12 || total
---------------------------+-------+-------+-------+-------++-------
  Melee: Unarmed           |   105 |   153 |   318 |   251 ||   827
  Throw: Dart              |       |       |       |     4 ||     4
 Invoke: Heroism           |       |       |     2 |     4 ||     6
    Use: Potion            |       |       |     1 |       ||     1
         Scroll            |       |       |    13 |     4 ||    17
 Armour: Robe              |    25 |    64 |    55 |       ||   144
         Steam dragon scal |       |       |    66 |   111 ||   177
  Dodge: Dodged            |    36 |    58 |   118 |   127 ||   339
  Block: Kite shield       |    32 |    50 |   118 |   146 ||   346
